 Dungeon Crawl Stone Soup version 0.20.1-1-g8b1a95d (webtiles) character file.

119 vishdafish the Chucker (level 4, 0/42 HPs)
             Began as a Troll Hunter on July 7, 2017.
             Was an Initiate of Okawaru.
             Slain by a gnoll
             ... wielding a +0 spear
              (5 damage)
             ... on level 3 of the Dungeon.
             The game lasted 00:03:20 (2019 turns).

vishdafish the Chucker (Troll Hunter)               Turns: 2019, Time: 00:03:21

Health: 0/42       AC:  5    Str: 21    XL:     4   Next: 73%
Magic:  3/3        EV: 10    Int:  7    God:    Okawaru [......]
Gold:   161        SH:  0    Dex: 10    Spells: 3/3 levels left

rFire    . . .     SeeInvis .     - Unarmed
rCold    . . .     Gourm    +   (no shield)
rNeg     . . .     Faith    .   b - +0 robe
rPois    .         Spirit   .   (helmet restricted)
rElec    .         Reflect  .   (no cloak)
rCorr    .         Harm     .   (gloves unavailable)
MR       .....                  (boots unavailable)
Stlth    ++........             (no amulet)
Regen    0.6/turn               m - ring of flight
MPRegen  0.1/turn               s - ring of stealth

@: no status effects
A: unfitting armour, claws 3, fast metabolism 3, gourmand, regeneration 1,
shaggy fur 1, tough skin 2
a: Renounce Religion, Evoke Flight


You were on level 3 of the Dungeon.
You worshipped Okawaru.
Okawaru was noncommittal.
You were not hungry.

You visited 1 branch of the dungeon, and saw 3 of its levels.

You collected 161 gold pieces.

Inventory:

Hand Weapons
 a - a +0 short sword
Missiles
 c - 4 large rocks (quivered)
 d - a throwing net
Armour
 b - a +0 robe (worn)
Jewellery
 m - a ring of flight (left claw)
 s - a ring of stealth (right claw)
Scrolls
 e - a scroll of random uselessness {unknown}
 l - a scroll of fog {unknown}
 p - 4 scrolls of identify {unknown}
 r - 2 scrolls of enchant weapon {unknown}
 t - a scroll of blinking {unknown}
Potions
 i - a potion of flight {unknown}
 j - a potion of heal wounds {unknown}
 k - a potion of cancellation {unknown}
 o - 3 potions of degeneration {unknown}
 q - 2 potions of curing {unknown}
 u - 2 potions of agility {unknown}
 v - a potion of mutation {unknown}
Comestibles
 f - 2 bread rations
 g - 3 meat rations
 h - 5 fruits
 n - 2 royal jellies


   Skills:
 + Level 2.3 Fighting
 + Level 3.9 Throwing
 + Level 2.2 Dodging
 - Level 0.3 Stealth
 * Level 2.8 Unarmed Combat


You had 3 spell levels left.
You didn't know any spells.

Dungeon Overview and Level Annotations

Branches:
Dungeon (3/15)

Altars:
Okawaru
Ru


Innate Abilities, Weirdness & Mutations

You are too large for most types of armour.
You have claws for hands.
Your metabolism is lightning-fast.
You like to eat raw meat.
Your natural rate of healing is unusually fast.
You are covered in fur. (AC +1)
You have very tough skin. (AC +2)


Message History

You scratch the gnoll.
The gnoll is moderately wounded.
The gnoll misses you.
The kobold throws a stone.
The stone closely misses you. The gnoll barely misses you.
You claw the gnoll!
You kill the gnoll!
Okawaru accepts your kill. The gnoll barely misses you.
The kobold throws a stone.
The stone hits you.
Throwing (i - inventory. (,) - cycle):
c - 5 large rocks (quivered)
Press: ? - help, Shift-Dir - straight line, f - gnoll
Aim: a gnoll, wielding a spear You throw a large rock.
The large rock hits the gnoll!
The gnoll is almost dead.
The gnoll hits you from afar with a spear!
* * * LOW HITPOINT WARNING * * *
The gnoll hits you from afar with a spear.
* * * LOW HITPOINT WARNING * * *
The gnoll hits you but does no damage.
The gnoll hits you from afar with a spear.
You die...

#### ##.## # #... .K.. ##. #...
##.#.#$##.#####...
.....#.##......... .#
#......#..........
..#####..g...###.#......
.._......).g............#. #..
#....@.....##..#...##.
#.##...#..?.............. .
#......#.............##.. ....
#.............##.....##..
#...#####.............##...#.##..
...........##...#............##..
...........##...#..<..##.........
.................................
.## ######.######................


You could see 2 gnolls and a kobold.

Vanquished Creatures
  A gnoll (D:3)
  4 adders
  An ooze (D:2)
  3 worms
  2 dart slugs
  2 leopard geckos (D:2)
  5 orcs (D:3)
  3 bats (D:1)
  A giant cockroach (D:2)
  10 goblins
  3 hobgoblins (D:1)
  6 kobolds
  A quokka (D:2)
  2 ball pythons
  A frilled lizard (D:1)
  7 rats
  A bush (D:2)
53 creatures vanquished.

Notes
Turn   | Place    | Note
-------+----------+-------------------------------------------
     0 | D:1      | vishdafish the Troll Hunter began the quest for the Orb.
     0 | D:1      | Reached XP level 1. HP: 19/19 MP: 0/0
   122 | D:1      | Reached skill level 1 in Unarmed Combat
   159 | D:1      | Reached XP level 2. HP: 28/28 MP: 1/1
   850 | D:2      | Reached XP level 3. HP: 35/35 MP: 2/2
   953 | D:2      | Found an iron altar of Okawaru.
  1106 | D:2      | Became a worshipper of Warmaster Okawaru
  1712 | D:3      | Reached XP level 4. HP: 25/42 MP: 3/3
  2014 | D:3      | Found a sacrificial altar of Ru.
  2019 | D:3      | Slain by a gnoll

Skill      XL: |  1  2  3 |
---------------+----------+-----
Unarmed Combat | 1 2 |  2.8
Dodging        | 2 |  2.2
Fighting       | 2 |  2.3
Throwing       | |  3.9
Stealth        | |  0.3

Action                   |  1- 3 |  4- 6 || total
-------------------------+-------+-------++-------
Melee: Unarmed           |   177 |    44 ||   221
       Punch             |     1 |       ||     1
Throw: Large rock        |     5 |     1 ||     6
       Throwing net      |     1 |       ||     1
 Abil: Evoke Flight      |     1 |       ||     1
 Stab: Sleeping          |     2 |     1 ||     3
  Eat: Chunk             |     8 |     5 ||    13
       Bread ration      |     1 |       ||     1
Armor: Robe              |    40 |    12 ||    52
Dodge: Dodged            |    52 |    37 ||    89
